Map: Hardwire LE

Players

Cynicusme

  • Race: Zerg Zerg
  • League: Diamond
  • Spawn Location: 1:00

Boots - Winner!

  • Race: Zerg Zerg
  • League: Diamond
  • Spawn Location: 7:00

VOD

Have the link to the VOD?

Description

Time

  • Played on: May 13, 2022, 4:31 a.m.
  • Length: 11:53
Show
View Real Time Build Order
Export as new Build Order

Cynicusme Zerg 

Build Orders: Hatch First 

Get SALT Encoding   

  12  0:02  Drone  
  13  0:13  Overlord  
  13  0:17  Drone  
  14  0:31  Drone x2  
  16  0:50  Hatchery  
  16  0:53  Drone  
  16  1:07  Spawning Pool  
  16  1:09  Drone  
  16  1:15  Extractor  
  16  1:16  Drone  
  16  1:19  Drone  
  17  1:26  Drone  
  18  1:33  Drone  
  19  1:53  Drone x2  
  21  2:01  Queen  
  21  2:02  Queen  
  21  2:05  Zergling x4  
  27  2:12  Overlord  
  27  2:16  Metabolic Boost  
  27  2:29  Zergling x2  
  28  2:30  Zergling x2  
  28  2:31  Zergling x2  
  28  2:36  Zergling x4  
  32  2:47  Zergling x4  
  32  2:49  Queen  
  36  2:56  Overlord  
  36  3:14  Queen  
  36  3:15  Roach Warren, Drone x3  
  36  3:17  Drone  
  36  3:19  Drone  
  42  3:23  Drone  
  42  3:25  Drone  
  42  3:42  Drone x3  
  42  3:45  Drone  
  42  3:46  Drone  
  44  3:52  Overlord  
  43  3:59  Overlord  
  42  4:16  Evolution Chamber  
  41  4:18  Evolution Chamber  
  41  4:19  Drone x5  
  45  4:27  Extractor, Lair  
  44  4:32  Drone x2  
  46  4:45  Zerg Missile Weapons Level 1  
  46  4:46  Zerg Ground Armor Level 1  
  46  4:48  Drone x3  
  46  4:50  Drone  
  46  4:51  Overlord  
  50  4:55  Extractor, Roach x3  
  50  4:56  Extractor  
  54  5:02  Roach  
  54  5:05  Drone  
  54  5:06  Drone  
  58  5:23  Drone  
  58  5:24  Drone x2  
  61  5:31  Roach  
  61  5:32  Roach x2  
  67  5:37  Hatchery  
  67  5:41  Glial Reconstitution  
  66  5:45  Overlord x3  
  67  6:20  Hatchery  
  67  6:21  Roach x2  
  67  6:22  Roach x7  
  67  6:23  Roach x3  
  90  6:27  Overlord x2  
  89  6:41  Roach  
  89  6:42  Roach  
  89  6:45  Overlord x2  
  88  6:59  Roach x6  
  98  7:05  Roach  
  98  7:08  Zerg Missile Weapons Level 2  
  98  7:10  Roach  
  94  7:38  Roach x4  
  94  7:39  Roach x3  
  108  7:48  Zergling x2  
  108  7:49  Zergling x12  
  113  8:01  Roach x3  
  111  8:07  Roach  
  111  8:08  Roach x4  
  105  8:13  Roach x2  
  105  8:17  Roach x2  
  105  8:18  Roach  
  107  8:27  Roach x3  
  106  8:39  Roach x6  
  114  8:48  Zergling x10  
  113  8:59  Roach x3  
  119  9:12  Zerg Melee Weapons Level 1  
  119  9:18  Drone  
  119  9:19  Drone x2  
  119  9:20  Overlord x2  
  119  9:21  Overlord x4  
  122  9:37  Overlord x2  
  122  9:43  Zergling x4  
  122  9:44  Zergling x16  
  122  9:45  Zergling x2  
  137  9:52  Roach  
  137  9:53  Roach  
  137  10:00  Drone, Hydralisk Den  
  137  10:01  Drone  
  137  10:04  Extractor  
  137  10:05  Extractor  
  136  10:07  Roach  
  136  10:08  Roach x4  
  130  10:38  Roach x4  
  130  10:39  Roach x9  
  128  10:46  Roach  
  128  10:47  Roach x2  
  128  10:49  Roach  
  106  10:51  Roach  
  94  11:05  Roach  
  94  11:06  Roach x5  
  94  11:08  Roach  
  94  11:10  Roach  
  110  11:12  Roach  
  110  11:14  Roach  
  102  11:28  Roach x6  
  98  11:33  Roach x2  
Show
View Real Time Build Order
Export as new Build Order

Boots Zerg - Winner!

Build Orders: Hatch First 

Get SALT Encoding   

  12  0:00  Drone  
  13  0:12  Overlord  
  13  0:16  Drone  
  14  0:23  Extractor  
  14  0:24  Drone  
  15  0:32  Drone  
  16  0:50  Hatchery  
  16  0:53  Drone  
  16  0:56  Drone  
  17  0:59  Drone  
  18  1:08  Extractor  
  18  1:10  Drone  
  18  1:18  Spawning Pool  
  18  1:25  Drone  
  18  1:28  Drone  
  19  1:39  Drone  
  20  1:50  Drone  
  21  2:05  Drone  
  22  2:09  Queen x2  
  22  2:10  Zergling x2  
  22  2:12  Zergling x2  
  28  2:21  Overlord  
  28  2:36  Hatchery  
  27  2:40  Drone x4  
  31  2:45  Queen  
  33  2:53  Metabolic Boost  
  33  2:57  Overlord  
  33  3:03  Queen  
  35  3:06  Drone  
  36  3:17  Drone  
  37  3:24  Evolution Chamber x2  
  37  3:25  Roach Warren  
  35  3:40  Spine Crawler  
  34  3:46  Zergling x2  
  34  3:47  Zergling x14  
  36  3:52  Queen  
  32  4:10  Drone x4  
  36  4:25  Drone x2  
  38  4:33  Drone x2  
  40  4:59  Drone  
  42  5:00  Drone x3  
  42  5:04  Lair  
  42  5:06  Hatchery  
  43  5:10  Zerg Missile Weapons Level 1  
  43  5:11  Zerg Ground Armor Level 1  
  43  5:12  Drone  
  43  5:13  Overlord  
  44  5:15  Overlord  
  44  5:16  Overlord  
  44  5:31  Queen  
  44  5:33  Drone x3  
  49  5:36  Drone x3  
  49  5:37  Extractor  
  49  5:39  Drone  
  49  5:40  Drone x3  
  49  5:41  Extractor  
  54  5:43  Drone  
  54  5:45  Drone  
  54  5:46  Extractor  
  55  5:51  Drone x2  
  57  6:02  Roach x2  
  57  6:03  Roach  
  55  6:18  Roach  
  55  6:19  Roach x6  
  55  6:20  Glial Reconstitution  
  55  6:23  Queen  
  71  6:27  Overlord  
  71  6:28  Roach  
  73  6:43  Overlord  
  73  6:44  Overlord  
  73  6:45  Roach x2  
  73  6:46  Roach x2  
  79  7:10  Overlord x2  
  79  7:12  Roach x8  
  95  7:18  Roach  
  91  7:31  Roach x2  
  91  7:32  Roach x3  
  91  7:35  Roach x2  
  103  7:37  Roach x4  
  103  7:40  Roach  
  103  7:42  Overlord  
  101  8:10  Roach  
  101  8:11  Roach x7  
  101  8:22  Roach x4  
  101  8:25  Zerg Missile Weapons Level 2  
  109  8:27  Zerg Ground Armor Level 2  
  109  8:40  Roach x3  
  113  8:44  Queen  
  115  8:53  Drone x3  
  118  9:08  Overseer  
  118  9:15  Overlord x3  
  118  9:18  Roach  
  118  9:19  Roach  
  118  9:21  Hatchery  
  121  9:39  Drone x3  
  121  9:40  Drone x2  
  121  9:41  Roach x4  
  134  9:51  Roach x2  
  138  9:54  Overlord  
  138  9:56  Overlord  
  138  9:57  Overlord  
  138  9:59  Roach  
  140  10:18  Roach x6  
  150  10:34  Roach Warren  
  141  10:38  Zergling x10  
  141  10:39  Zergling x18  
  124  10:57  Zergling x2  
  124  10:58  Zergling x12  
  130  11:05  Spine Crawler x2, Queen  
  130  11:07  Queen  
  131  11:16  Roach  
  131  11:17  Roach x6  
  136  11:31  Roach x3  
  136  11:32  Roach x2  
Tags
 
Add a new tag
Caveats
  • Supply blocks, unpowered buildings, or Contaminate may cause inaccurate times.
  • Supply counts are checked every 10 seconds.